[Event "Polish Youth 1st League 2022"]
[Site "Lublin"]
[Date "2022.06.26"]
[Round "2.7"]
[White "Wojdak, Jan"]
[Black "Panek, Bartosz"]
[Result "1-0"]
[ECO "B13"]
[WhiteElo "2144"]
[BlackElo "2022"]
[Annotator "RC"]
[PlyCount "143"]
[EventDate "2022.06.24"]
[EventType "team-tourn"]
[EventCountry "POL"]
[SourceTitle "playchess.com"]
[Source "ChessBase"]
[SourceQuality "1"]
[TimeControl "40/5400+30:1800+30"]

1. e4 c6 2. d4 d5 3. exd5 cxd5 4. Bd3 Nc6 5. c3 g6 6. Bf4 Bg7 7. h3 e5 8. dxe5 Nxe5 9. Be2 Ne7 10. Nd2 N5c6 11. Qb3 O-O 12. Ngf3 Nf5 13. O-O d4 14. c4 h6 15. Bd3 g5 16. Bh2 h5 17. Qb5 a6 18. Qc5 g4 19. Bxf5 gxf3 20. Nxf3 Qa5 21. Qxa5 Nxa5 22. Bd3 Be6 23. b3 Nc6 24. Rad1 a5 25. a3 Rac8 26. Rfe1 Bf6 27. Ne5 Kg7 28. Ng6 fxg6 29. Rxe6 Rfe8 30. Rde1 Rxe6 31. Rxe6 Kf7 32. Re1 Rd8 33. Bf4 g5 34. Bc1 a4 35. b4 Ne5 36. Bf1 d3 37. Rd1 Ke6 38. c5 Kf5 39. f3 Ke6 40. Kf2 Ke7 41. g3 Rd4 42. f4 gxf4 43. gxf4 d2 44. fxe5 Bh4+ 45. Kf3 dxc1=Q 46. Rxc1 Bg5 47. Rc3 Bd2 48. Rc2 Rf4+ 49. Ke2 Bxb4 50. axb4 Rxb4 51. Ke3 Ke6 52. Bc4+ Kxe5 53. Kd3 Rb1 54. Re2+ Kf5 55. Ra2 b5 56. Bf7 Rd1+ 57. Kc3 Rc1+ 58. Kb4 Rb1+ 59. Ka5 Kf6 60. Be8 b4 61. Bxa4 b3 62. Rf2+ Ke5 63. Kb4 b2 64. c6 Kd6 65. Rd2+ Kc7 66. Kb3 Rh1 67. Rxb2 Rxh3+ 68. Kb4 Re3 69. Ka5 h4 70. Rb7+ Kc8 71. Rh7 h3 72. Kb6 1-0

[Event "Polish Youth 1st League 2022"]
[Site "Lublin"]
[Date "2022.06.26"]
[Round "2.8"]
[White "Kubik, Rafal"]
[Black "Jendrowiak, Maciej"]
[Result "1/2-1/2"]
[ECO "B10"]
[WhiteElo "1827"]
[BlackElo "1713"]
[Annotator "NA RC"]
[PlyCount "91"]
[EventDate "2022.06.24"]
[EventType "team-tourn"]
[EventCountry "POL"]
[SourceTitle "playchess.com"]
[Source "ChessBase"]
[SourceQuality "1"]
[TimeControl "40/5400+30:1800+30"]

1. e4 c6 2. c4 d5 3. e5 g6 4. f4 Bg7 5. Nf3 Bg4 6. cxd5 cxd5 7. d4 Nc6 8. Bb5 Qb6 9. Bxc6+ bxc6 10. O-O e6 11. h3 Bxf3 12. Rxf3 Ne7 13. Nc3 O-O 14. Na4 Qb4 15. g4 Rfd8 16. Nc5 Rdc8 17. Rb3 Qa5 18. Bd2 Qd8 19. Qe1 Rcb8 20. Ba5 Qc8 21. Rc1 Rxb3 22. Nxb3 Qb7 23. Qc3 Bh6 24. Nc5 Qc8 25. Nd3 Qa6 26. Bb4 Bf8 27. Bxe7 Bxe7 28. a3 Rc8 29. Rc2 Kf8 30. Kf2 Ke8 31. b4 Qa4 32. Nb2 Qb5 33. Qd3 Qxd3 34. Nxd3 Kd7 35. Ke3 Ra8 36. Nc5+ Bxc5 37. Rxc5 a6 38. Kd3 Kc7 39. Rc1 Kb6 40. Kc3 Rh8 41. h4 h5 42. g5 Ra8 43. Kb3 Kb7 44. Rc5 Kb6 45. a4 Rb8 46. Ka3 1/2-1/2

[Event "Polish Youth 1st League 2022"]
[Site "Lublin"]
[Date "2022.06.26"]
[Round "2.9"]
[White "Wierzbicki, Dawid"]
[Black "Karwot, Marek"]
[Result "1/2-1/2"]
[ECO "A10"]
[WhiteElo "1556"]
[BlackElo "1454"]
[Annotator "NA RC"]
[PlyCount "76"]
[EventDate "2022.06.24"]
[EventType "team-tourn"]
[EventCountry "POL"]
[SourceTitle "playchess.com"]
[Source "ChessBase"]
[SourceQuality "1"]
[TimeControl "40/5400+30:1800+30"]

1. c4 b6 2. e3 Bb7 3. Nf3 e6 4. b3 Nf6 5. Bb2 d5 6. cxd5 exd5 7. a3 Bd6 8. d3 O-O 9. Be2 c5 10. Nbd2 Nbd7 11. O-O Re8 12. Rc1 Qe7 13. Re1 Rac8 14. Rc2 Ne5 15. Nxe5 Bxe5 16. Bxe5 Qxe5 17. Nf3 Qd6 18. Qa1 a6 19. d4 Red8 20. Rec1 Ne4 21. Ne5 f6 22. Nd3 cxd4 23. Rxc8 Rxc8 24. Rxc8+ Bxc8 25. Qxd4 Nc5 26. Nb4 Bb7 27. Qd1 a5 28. Na2 Ne6 29. b4 d4 30. exd4 Qxd4 31. Qxd4 Nxd4 32. Bc4+ Kf8 33. bxa5 bxa5 34. f3 Ke7 35. Bd3 h6 36. Kf2 Kd6 37. Nc3 Bc6 38. Ke3 Ke5 1/2-1/2

[Event "Polish Youth 1st League 2022"]
[Site "Lublin"]
[Date "2022.06.26"]
[Round "2.10"]
[White "Niesporek, Franciszek"]
[Black "Oles, Mateusz"]
[Result "1-0"]
[ECO "A04"]
[WhiteElo "1332"]
[BlackElo "1201"]
[Annotator "NA RC"]
[PlyCount "77"]
[EventDate "2022.06.24"]
[EventType "team-tourn"]
[EventCountry "POL"]
[SourceTitle "playchess.com"]
[Source "ChessBase"]
[SourceQuality "1"]
[TimeControl "40/5400+30:1800+30"]

1. Nf3 c5 2. b3 Nc6 3. Bb2 d5 4. e3 Bf5 5. Bb5 e6 6. O-O Nf6 7. Ne5 Rc8 8. f4 h5 9. d3 Bd6 10. Nd2 O-O 11. Bxc6 bxc6 12. Qe2 Bg6 13. Ndf3 Nd7 14. Nxg6 fxg6 15. Ne5 Bxe5 16. fxe5 Qg5 17. d4 Rxf1+ 18. Rxf1 Rf8 19. Rxf8+ Kxf8 20. Ba3 Kg8 21. Qd3 cxd4 22. exd4 Qh4 23. g3 Qg4 24. Kg2 Kf7 25. Qf3+ Qf5 26. h4 Qxf3+ 27. Kxf3 a6 28. Kf4 Nb6 29. Bd6 Nc8 30. Bc5 Ke8 31. Kg5 Kf7 32. a4 Kg8 33. Kxg6 Kh8 34. Kxh5 Kh7 35. Kg5 a5 36. g4 g6 37. Kf6 Kg8 38. Kxg6 Kh8 39. h5 1-0

[Event "Polish Youth 1st League 2022"]
[Site "Lublin"]
[Date "2022.06.26"]
[Round "2.11"]
[White "Kroliczek, Gabriela"]
[Black "Bugaj, Hanna"]
[Result "0-1"]
[ECO "B06"]
[WhiteElo "1934"]
[BlackElo "1779"]
[Annotator "NA RC"]
[PlyCount "58"]
[EventDate "2022.06.24"]
[EventType "team-tourn"]
[EventCountry "POL"]
[SourceTitle "playchess.com"]
[Source "ChessBase"]
[SourceQuality "1"]
[TimeControl "40/5400+30:1800+30"]

1. e4 g6 2. d4 Bg7 3. c3 d5 4. e5 c5 5. f4 cxd4 6. cxd4 Nc6 7. Nc3 Nh6 8. Be2 O-O 9. Bf3 e6 10. Nge2 Qb6 11. g4 Kh8 12. h4 Bd7 13. Rb1 Rac8 14. h5 Kg8 15. Be3 Be8 16. Ng3 Na5 17. hxg6 fxg6 18. f5 Bxe5 19. Nf1 Nc4 20. dxe5 Nxe3 21. Qd2 Nhxg4 22. Bxg4 Nxg4 23. f6 Rc4 24. Rh3 Bb5 25. Qg5 Qf2+ 26. Kd1 Qxf1+ 27. Kc2 Qxh3 28. f7+ Rxf7 29. Qd8+ Kg7 0-1

[Event "Polish Youth 1st League 2022"]
[Site "Lublin"]
[Date "2022.06.26"]
[Round "2.12"]
[White "Sprzeczka, Emilia"]
[Black "Seemann, Pola"]
[Result "1-0"]
[ECO "C45"]
[WhiteElo "1692"]
[BlackElo "1777"]
[Annotator "NA RC"]
[PlyCount "135"]
[EventDate "2022.06.24"]
[EventType "team-tourn"]
[EventCountry "POL"]
[SourceTitle "playchess.com"]
[Source "ChessBase"]
[SourceQuality "1"]
[TimeControl "40/5400+30:1800+30"]

1. e4 e5 2. Nf3 Nc6 3. d4 exd4 4. Nxd4 Bc5 5. Nxc6 bxc6 6. Bd3 Qh4 7. Qf3 Nf6 8. Bf4 d6 9. Nd2 Bg4 10. Qg3 Qxg3 11. Bxg3 Nh5 12. Nb3 Nxg3 13. hxg3 Bb6 14. Ba6 Bc8 15. Bxc8 Rxc8 16. c4 c5 17. O-O-O f6 18. f4 O-O 19. Rhe1 Rcd8 20. Rd3 Rfe8 21. Rde3 c6 22. Nd2 Ba5 23. Ra3 Bxd2+ 24. Kxd2 Rb8 25. Kc2 Rb7 26. Rd3 Rd7 27. Ree3 Re6 28. e5 fxe5 29. Rxe5 Rxe5 30. fxe5 d5 31. e6 Rd6 32. cxd5 cxd5 33. e7 Kf7 34. Re3 Ke8 35. Kd3 d4 36. Re5 c4+ 37. Kxc4 d3 38. Re1 d2 39. Rd1 Kxe7 40. Kc3 Rg6 41. Rxd2 Rxg3+ 42. Kb4 Re3 43. Kb5 Re6 44. b4 h5 45. a4 g5 46. Kc5 h4 47. b5 g4 48. a5 h3 49. gxh3 gxh3 50. b6 axb6+ 51. axb6 h2 52. Rd1 h1=Q 53. Rxh1 Kd7 54. Kb5 Re2 55. Rc1 Rb2+ 56. Ka6 Ra2+ 57. Kb7 Kd8 58. Kb8 Ra3 59. Rd1+ Ke7 60. Rd4 Rb3 61. b7 Rc3 62. Ka7 Ra3+ 63. Kb6 Rb3+ 64. Kc6 Ke6 65. Re4+ Kf5 66. Rc4 Ke6 67. Kc7 Kd5 68. Rc1 1-0

[Event "Polish Youth 1st League 2022"]
[Site "Lublin"]
[Date "2022.06.26"]
[Round "2.13"]
[White "Klim, Filip"]
[Black "Szlosarczyk, Hubert"]
[Result "1/2-1/2"]
[ECO "C10"]
[WhiteElo "2015"]
[BlackElo "1650"]
[Annotator "NA RC"]
[PlyCount "92"]
[EventDate "2022.06.24"]
[EventType "team-tourn"]
[EventCountry "POL"]
[SourceTitle "playchess.com"]
[Source "ChessBase"]
[SourceQuality "1"]
[TimeControl "40/5400+30:1800+30"]

1. e4 e6 2. d4 d5 3. Nc3 dxe4 4. Nxe4 Nd7 5. Nf3 Ngf6 6. Ng3 c5 7. Be2 b6 8. O-O Bb7 9. c4 Bd6 10. d5 Bxg3 11. dxe6 Bxh2+ 12. Kxh2 Qc7+ 13. Kg1 fxe6 14. Ng5 Nf8 15. Bf3 h6 16. Nh3 Rd8 17. Qa4+ Qd7 18. Qb3 Bxf3 19. Qxf3 Ng6 20. Re1 O-O 21. Nf4 Nxf4 22. Qxf4 Qd4 23. Qxd4 Rxd4 24. b3 Kf7 25. Be3 Rd3 26. f3 Rfd8 27. Kf2 a5 28. Ke2 e5 29. Rad1 Rxd1 30. Rxd1 Rxd1 31. Kxd1 Ke6 32. a3 Nd7 33. Kd2 Kf5 34. g4+ Ke6 35. Kd3 Nf6 36. b4 axb4 37. axb4 Kd6 38. bxc5+ bxc5 39. g5 hxg5 40. Bxg5 e4+ 41. fxe4 Ke5 42. Bc1 Nxe4 43. Bb2+ Kf5 44. Bxg7 Nd6 45. Bf8 Nxc4 46. Kxc4 Ke5 1/2-1/2

[Event "Polish Youth 1st League 2022"]
[Site "Lublin"]
[Date "2022.06.26"]
[Round "2.14"]
[White "Kozlowski, Franciszek"]
[Black "Bartodziej, Bartosz"]
[Result "1/2-1/2"]
[ECO "A05"]
[WhiteElo "1607"]
[BlackElo "1902"]
[Annotator "RC"]
[PlyCount "121"]
[EventDate "2022.06.24"]
[EventType "team-tourn"]
[EventCountry "POL"]
[SourceTitle "playchess.com"]
[Source "ChessBase"]
[SourceQuality "1"]
[TimeControl "40/5400+30:1800+30"]

1. Nf3 Nf6 2. c4 g6 3. Nc3 d5 4. cxd5 Nxd5 5. h4 h6 6. e4 Nxc3 7. dxc3 Qxd1+ 8. Kxd1 Nc6 9. Kc2 Bg4 10. Bb5 Bd7 11. a4 Bg7 12. Rd1 O-O-O 13. Be3 e5 14. Nd2 f5 15. f3 a6 16. Be2 f4 17. Bf2 g5 18. b4 Be6 19. Nc4 Rxd1 20. Rxd1 Rd8 21. Rb1 b6 22. b5 axb5 23. axb5 Nb8 24. Ra1 Kb7 25. Rh1 Rh8 26. Rd1 Nd7 27. Ra1 Bf6 28. Ra6 Nb8 29. hxg5 hxg5 30. Ra1 Rh2 31. Rg1 g4 32. fxg4 f3 33. Bd3 Bxc4 34. Bxc4 Be7 35. Kd1 fxg2 36. Ke2 Rh3 37. Bd3 Nd7 38. Rxg2 Bg5 39. Rg3 Rh1 40. Rg1 Rh3 41. Rg3 Rh1 42. Rg1 Rh2 43. Kf3 Nf8 44. Rg2 Rh6 45. Bg3 Rf6+ 46. Ke2 Ng6 47. Rf2 Bf4 48. Bxf4 Nxf4+ 49. Ke3 Rg6 50. Rxf4 exf4+ 51. Kxf4 Kc8 52. e5 Rg7 53. Bc4 Kd7 54. Bd5 Ke7 55. c4 Rh7 56. g5 Rh4+ 57. Kf5 Rh3 58. g6 Rg3 59. Bf7 Rg1 60. Ke4 Rd1 61. Bg8 1/2-1/2

[Event "Polish Youth 1st League 2022"]
[Site "Lublin"]
[Date "2022.06.26"]
[Round "2.15"]
[White "Nocek, Dominik"]
[Black "Duda, Szymon"]
[Result "0-1"]
[ECO "B91"]
[WhiteElo "1657"]
[BlackElo "1707"]
[Annotator "NA RC"]
[PlyCount "56"]
[EventDate "2022.06.24"]
[EventType "team-tourn"]
[EventCountry "POL"]
[SourceTitle "playchess.com"]
[Source "ChessBase"]
[SourceQuality "1"]
[TimeControl "40/5400+30:1800+30"]

1. e4 c5 2. Nf3 d6 3. d4 cxd4 4. Nxd4 Nf6 5. Nc3 a6 6. g3 b5 7. Bg2 Bb7 8. O-O e6 9. Re1 Qc7 10. a3 Be7 11. Be3 O-O 12. h3 Nbd7 13. Nb3 Rac8 14. Qe2 Ne5 15. Rad1 Nc4 16. Bc1 Nd7 17. f4 Nxa3 18. bxa3 Qxc3 19. Nd4 Qxg3 20. Rd3 Qh4 21. Kh2 Rc4 22. Nf3 Qh5 23. Bb2 Bxe4 24. Rd4 Rxd4 25. Bxd4 d5 26. Qf2 Bxf3 27. Bxf3 Qh6 28. Qg3 Bh4 0-1

[Event "Polish Youth 1st League 2022"]
[Site "Lublin"]
[Date "2022.06.26"]
[Round "2.16"]
[White "Wajda, Krzysztof"]
[Black "Kowalski, Witold"]
[Result "1/2-1/2"]
[ECO "D30"]
[WhiteElo "1494"]
[BlackElo "1613"]
[Annotator "NA RC"]
[PlyCount "86"]
[EventDate "2022.06.24"]
[EventType "team-tourn"]
[EventCountry "POL"]
[SourceTitle "playchess.com"]
[Source "ChessBase"]
[SourceQuality "1"]
[TimeControl "40/5400+30:1800+30"]

1. d4 d5 2. c4 e6 3. Nf3 Nf6 4. e3 Be7 5. Nc3 O-O 6. Be2 a6 7. O-O Nbd7 8. b3 c5 9. cxd5 exd5 10. Bb2 b5 11. dxc5 Nxc5 12. Nd4 Qd7 13. Bf3 Bb7 14. Rc1 Rfd8 15. Rc2 Rac8 16. a3 h6 17. Qe2 Rc7 18. Rfc1 Rdc8 19. h3 Nce4 20. Nxe4 dxe4 21. Bg4 Nxg4 22. Qxg4 Qxg4 23. hxg4 Rxc2 24. Rxc2 Rxc2 25. Nxc2 Kf8 26. Nd4 g6 27. Kf1 Ke8 28. Ke2 Kd7 29. f4 Kd6 30. Bc3 Kd5 31. Nc2 Bc8 32. Nb4+ Bxb4 33. Bxb4 Bxg4+ 34. Kd2 h5 35. Bc3 Ke6 36. a4 bxa4 37. bxa4 f6 38. Ke1 g5 39. g3 h4 40. gxh4 gxh4 41. Kf2 Bf3 42. Kg1 Bg4 43. Kh2 Kd5 1/2-1/2

[Event "Polish Youth 1st League 2022"]
[Site "Lublin"]
[Date "2022.06.26"]
[Round "2.17"]
[White "Kudlak, Julia"]
[Black "Czarnecka, Lidia"]
[Result "0-1"]
[ECO "B46"]
[WhiteElo "1654"]
[BlackElo "1940"]
[Annotator "NA RC"]
[PlyCount "134"]
[EventDate "2022.06.24"]
[EventType "team-tourn"]
[EventCountry "POL"]
[SourceTitle "playchess.com"]
[Source "ChessBase"]
[SourceQuality "1"]
[TimeControl "40/5400+30:1800+30"]

1. e4 c5 2. Nf3 e6 3. d4 cxd4 4. Nxd4 Nc6 5. Nc3 a6 6. Be2 Qc7 7. O-O Nf6 8. Be3 Be7 9. Kh1 d6 10. f4 O-O 11. Bf3 Na5 12. Qe1 Nc4 13. g4 Nxe3 14. Qxe3 Nd7 15. g5 Qc5 16. Qd2 Nb6 17. b3 Bd7 18. Nce2 Rfe8 19. Rad1 Rad8 20. Ng3 d5 21. e5 g6 22. Bg4 Bf8 23. h4 Nc8 24. f5 exf5 25. Bxf5 Rxe5 26. Qf4 Qe7 27. Bd3 Nd6 28. Nf3 Re6 29. h5 Ne4 30. hxg6 Nxg3+ 31. Qxg3 fxg6 32. Rd2 Bg7 33. Rdf2 Bc6 34. Kh2 b5 35. Qh4 d4 36. Kg1 Bxf3 37. Rxf3 Re5 38. Rg3 Rdd5 39. Rff3 Rxg5 40. Kf2 Qe5 41. Qh3 Qe8 42. a4 Rxg3 43. Qxg3 Re5 44. axb5 axb5 45. Qf4 Qe7 46. Qg4 Rc5 47. Kf1 Qe8 48. Qf4 Re5 49. Qd2 Rh5 50. Qa5 Bh6 51. Qb4 Be3 52. Qd6 Rg5 53. Qh2 Qa8 54. Ke2 Qe8 55. Qh3 Rg1 56. Rf1 Rg5 57. Kd1 Re5 58. Qf3 Qe7 59. Qa8+ Kg7 60. Qa5 Qd7 61. Qb4 Re7 62. Bxb5 Qa7 63. Ba4 h5 64. Qd6 Qc7 65. Qf6+ Kh7 66. Bc6 Rg7 67. Qe6 Qh2 0-1

[Event "Polish Youth 1st League 2022"]
[Site "Lublin"]
[Date "2022.06.26"]
[Round "2.18"]
[White "Slusarczyk, Anna"]
[Black "Dzierzgowska, Jagoda"]
[Result "1-0"]
[ECO "D26"]
[WhiteElo "1544"]
[BlackElo "1267"]
[Annotator "NA RC"]
[PlyCount "61"]
[EventDate "2022.06.24"]
[EventType "team-tourn"]
[EventCountry "POL"]
[SourceTitle "playchess.com"]
[Source "ChessBase"]
[SourceQuality "1"]
[TimeControl "40/5400+30:1800+30"]

1. d4 d5 2. Nf3 Nf6 3. c4 dxc4 4. e3 e6 5. Bxc4 c5 6. Nc3 a6 7. a4 Nc6 8. O-O Nb4 9. Ne5 Bd6 10. f4 O-O 11. Rf3 cxd4 12. exd4 Qb6 13. a5 Qc7 14. Rh3 b6 15. Bb3 Bb7 16. g4 Nfd5 17. g5 g6 18. Qg4 Qe7 19. Ne4 f5 20. gxf6 Nxf6 21. Bxe6+ Kg7 22. Nxf6 Rxf6 23. f5 Bxe5 24. dxe5 Rxe6 25. f6+ Rxf6 26. exf6+ Qxf6 27. Qxb4 Qe6 28. Re3 Qd5 29. Qe7+ Kg8 30. Qe6+ Qxe6 31. Rxe6 1-0

[Event "Polish Youth 1st League 2022"]
[Site "Lublin"]
[Date "2022.06.26"]
[Round "2.19"]
[White "Luczak, Filip"]
[Black "Jedraszek, Pawel"]
[Result "1-0"]
[ECO "B09"]
[WhiteElo "2311"]
[BlackElo "1933"]
[Annotator "TA"]
[PlyCount "79"]
[EventDate "2022.06.24"]
[EventType "team-tourn"]
[EventCountry "POL"]
[SourceTitle "playchess.com"]
[Source "ChessBase"]
[SourceQuality "1"]
[TimeControl "40/5400+30:1800+30"]

1. Nc3 Nf6 2. e4 d6 3. d4 g6 4. f4 Bg7 5. Nf3 O-O 6. Be2 c5 7. dxc5 Qa5 8. O-O Qxc5+ 9. Kh1 Nc6 10. a3 {[%emt 0:05:06] B09: Pirc Defence: Austrian Attack.} Bg4 (10... Ng4 $5 ) 11. Qd3 Bxf3 12. Bxf3 {[%emt 0:03:29] [#] White is slightly better.} a6 $146 ({Predecessor:} 12... e6 13. Be3 Qa5 14. Rad1 d5 15. e5 Nd7 16. Nb5 a6 17. b4 Qd8 18. Nd6 Ndxe5 19. fxe5 Nxe5 20. Nxb7 {0-1 (44) Janosko,R-Novak,I (2345) Bratislava 1998}) 13. Be3 Qa5 14. Nd5 Nxd5 15. exd5 Nb8 16. b4 Qc7 17. Rac1 {[%emt 0:05:09] White is more active.} Nd7 18. c4 b6 {[%emt 0:00:22] Inhibits c5.} 19. Rfe1 a5 20. Re2 axb4 21. axb4 Ra4 22. Bd2 Re8 23. Rce1 Ra1 24. Rxa1 Bxa1 25. Qa3 Bg7 26. Qa4 Kf8 27. Be3 Rc8 28. h3 Qb7 29. Ra2 f5 (29... Rxc4 $2 30. Qc6 $3 Rxc6 31. dxc6 $18) 30. Qb5 {[%emt 0:02:22][%cal Oc4c5] aiming for c5!} Qc7 {[%emt 0:02:21] Against c5} 31. Qc6 Qd8 $2 {[%emt 0:02:22] [#] This costs Black the game.} (31... Bc3 $16) 32. Ra7 $1 $18 ({Not} 32. Qb5 Qc7 33. Be2 Rb8 $16) 32... Rxc6 $2 (32... Nf6) 33. dxc6 {[%emt 0:00:03] White is clearly winning.} Nb8 34. c7 Qc8 35. cxb8=Q Qxb8 36. Ra8 Qxa8 37. Bxa8 Bc3 38. b5 Ba5 39. Bd5 h6 40. Be6 {[%emt 0:00:00] Weighted Error Value: White=0.18 (very precise) /Black=0.30} 1-0

[Event "Polish Youth 1st League 2022"]
[Site "Lublin"]
[Date "2022.06.26"]
[Round "2.20"]
[White "Klaska, Szymon"]
[Black "Bachor, Tomasz"]
[Result "0-1"]
[ECO "B62"]
[WhiteElo "1563"]
[BlackElo "1971"]
[Annotator "NA RC"]
[PlyCount "116"]
[EventDate "2022.06.24"]
[EventType "team-tourn"]
[EventCountry "POL"]
[SourceTitle "playchess.com"]
[Source "ChessBase"]
[SourceQuality "1"]
[TimeControl "40/5400+30:1800+30"]

1. e4 c5 2. Nf3 d6 3. d4 cxd4 4. Nxd4 Nf6 5. Nc3 Nc6 6. Bg5 e6 7. Bc4 a6 8. O-O Be7 9. Qd2 Bd7 10. a4 Rc8 11. Be2 O-O 12. Kh1 Qb6 13. Be3 Qc7 14. f4 Rfd8 15. Bf3 Na5 16. Rae1 Nc4 17. Qc1 Nxe3 18. Qxe3 Bc6 19. g4 e5 20. Nf5 Bf8 21. fxe5 dxe5 22. Qg5 Kh8 23. Bg2 Ng8 24. Nd5 Bxd5 25. exd5 f6 26. Qh4 g6 27. Ne3 Qg7 28. Be4 Be7 29. Qh3 Nh6 30. d6 Bxd6 31. Nd5 Ng8 32. Qf3 Rf8 33. Nb6 Rc7 34. Nd5 Rcf7 35. Ne3 Nh6 36. Bd5 Rc7 37. c3 b5 38. axb5 axb5 39. Rd1 Bc5 40. Ng2 f5 41. g5 Nf7 42. Bxf7 Rcxf7 43. Qc6 Be7 44. h4 b4 45. cxb4 Bxb4 46. Qb5 Rb7 47. Qc4 Ba5 48. b3 Bb6 49. Rfe1 Bd4 50. Nf4 exf4 51. Rxd4 Rxb3 52. Rxf4 Qb7+ 53. Kh2 Rd8 54. Rf2 Rb4 55. Qc3+ Kg8 56. Qf6 Rxh4+ 57. Kg3 Rd3+ 58. Kxh4 Qb4+ 0-1

[Event "Polish Youth 1st League 2022"]
[Site "Lublin"]
[Date "2022.06.26"]
[Round "2.21"]
[White "Cieslak, Patryk"]
[Black "Ugorek, Kacper"]
[Result "1/2-1/2"]
[ECO "B04"]
[WhiteElo "2019"]
[BlackElo "1696"]
[Annotator "NA RC"]
[PlyCount "101"]
[EventDate "2022.06.24"]
[EventType "team-tourn"]
[EventCountry "POL"]
[SourceTitle "playchess.com"]
[Source "ChessBase"]
[SourceQuality "1"]
[TimeControl "40/5400+30:1800+30"]

1. e4 Nf6 2. e5 Nd5 3. d4 d6 4. Nf3 Nb6 5. a4 a5 6. Nc3 Bg4 7. exd6 exd6 8. Be2 Be7 9. O-O O-O 10. h3 Bh5 11. d5 N8d7 12. Nb5 Nf6 13. Nc3 Nfd7 14. Be3 Bf6 15. Nd4 Bxe2 16. Qxe2 Re8 17. Ndb5 Nc5 18. Qd1 Nc4 19. Bxc5 dxc5 20. b3 Nd6 21. Nxd6 Qxd6 22. Nb5 Qe5 23. Qd2 c6 24. Rae1 Qxd5 25. Qxd5 cxd5 26. Nc7 Rxe1 27. Rxe1 Rd8 28. Nxd5 Kf8 29. Nxf6 gxf6 30. Re3 Rd1+ 31. Kh2 Rd2 32. Rc3 b6 33. Kg3 Ke7 34. Kf3 Ke6 35. Ke3 Rd1 36. Ke2 Rd8 37. g4 f5 38. Re3+ Kf6 39. Rf3 Rd5 40. Ke3 Kg5 41. gxf5 Rxf5 42. Rg3+ Kf6 43. f4 Rd5 44. Rg8 Rh5 45. Ke4 Rxh3 46. Rb8 Rc3 47. Rxb6+ Kg7 48. Kf5 Rxc2 49. Ra6 c4 50. bxc4 Rxc4 51. Rxa5 1/2-1/2

[Event "Polish Youth 1st League 2022"]
[Site "Lublin"]
[Date "2022.06.26"]
[Round "2.22"]
[White "Dobosiewicz, Dawid"]
[Black "Brzezina, Piotr"]
[Result "1-0"]
[ECO "A36"]
[WhiteElo "1795"]
[BlackElo "1633"]
[Annotator "NA RC"]
[PlyCount "129"]
[EventDate "2022.06.24"]
[EventType "team-tourn"]
[EventCountry "POL"]
[SourceTitle "playchess.com"]
[Source "ChessBase"]
[SourceQuality "1"]
[TimeControl "40/5400+30:1800+30"]

1. c4 c5 2. g3 g6 3. Bg2 Bg7 4. Nc3 Nc6 5. d3 e6 6. e4 Nge7 7. Nge2 O-O 8. O-O Nd4 9. Rb1 Nec6 10. a3 Nxe2+ 11. Nxe2 a6 12. b4 cxb4 13. axb4 b5 14. Be3 Rb8 15. c5 Re8 16. d4 d5 17. Bf4 Rb7 18. Bd6 Rd7 19. e5 Bf8 20. Qd3 Bxd6 21. cxd6 Rb7 22. Rfc1 Bd7 23. Nf4 Rb8 24. Rc5 Kg7 25. Qc3 Rc8 26. Ra1 Nb8 27. Nd3 Bc6 28. Rc1 Qb6 29. Qa3 Nd7 30. R5c2 Bb7 31. Nc5 Nxc5 32. Rxc5 Rxc5 33. Rxc5 Rc8 34. Qc3 Rxc5 35. dxc5 Qc6 36. Qf3 Qe8 37. Qc3 Bc6 38. Qa3 Bb7 39. Qa5 Qd7 40. Qb6 Qc8 41. f4 h5 42. h3 Bc6 43. Kh2 Kf8 44. g4 hxg4 45. hxg4 Ke8 46. Kg3 Kd7 47. f5 gxf5 48. gxf5 Bb7 49. Kf4 Bc6 50. Bf3 exf5 51. Kxf5 Ke8+ 52. Kf4 Kf8 53. Qc7 Qh3 54. Qd8+ Kg7 55. Qg5+ Kf8 56. Qh5 Qxh5 57. Bxh5 a5 58. bxa5 b4 59. Ke3 b3 60. Kd2 d4 61. Kc1 d3 62. Kb2 Bd5 63. Kc3 Bc4 64. c6 Ke8 65. c7 1-0

[Event "Polish Youth 1st League 2022"]
[Site "Lublin"]
[Date "2022.06.26"]
[Round "2.23"]
[White "Hertlein, Irena"]
[Black "Barwinska, Ewa"]
[Result "1/2-1/2"]
[ECO "C97"]
[WhiteElo "1873"]
[BlackElo "1825"]
[Annotator "NA RC"]
[PlyCount "103"]
[EventDate "2022.06.24"]
[EventType "team-tourn"]
[EventCountry "POL"]
[SourceTitle "playchess.com"]
[Source "ChessBase"]
[SourceQuality "1"]
[TimeControl "40/5400+30:1800+30"]

1. e4 e5 2. Nf3 Nc6 3. Bb5 a6 4. Ba4 Nf6 5. O-O b5 6. Bb3 Be7 7. Re1 O-O 8. c3 d6 9. h3 Na5 10. Bc2 c5 11. d4 Qc7 12. d5 Bd7 13. b3 g6 14. Bh6 Rfe8 15. Nbd2 Nh5 16. Nf1 Nb7 17. Qd2 a5 18. c4 b4 19. a4 Nd8 20. g4 Ng7 21. Ng3 f6 22. Kg2 Nf7 23. Rh1 Nxh6 24. Qxh6 Bf8 25. Qe3 Qc8 26. Rag1 Be7 27. Kf1 Kf7 28. Nd2 Rh8 29. Ke1 Ke8 30. f3 Kd8 31. h4 h6 32. h5 g5 33. Nf5 Bf8 34. Ke2 Kc7 35. Rg2 Qe8 36. Kd1 Rb8 37. Ke2 Qf7 38. Rgh2 Be7 39. Kf2 Bf8 40. Rg1 Rd8 41. Re1 Bc8 42. Nf1 Be7 43. N1g3 Rde8 44. Qd2 Bd7 45. Kg1 Bd8 46. Re3 Bc8 47. Ne2 Be7 48. Nc1 Bf8 49. Nd3 Rd8 50. Re1 Kb6 51. Qf2 Qc7 52. Rd1 1/2-1/2

[Event "Polish Youth 1st League 2022"]
[Site "Lublin"]
[Date "2022.06.26"]
[Round "2.24"]
[White "Matuszewska, Kinga"]
[Black "Duda, Aleksandra"]
[Result "0-1"]
[ECO "A13"]
[WhiteElo "1085"]
[BlackElo "1453"]
[Annotator "NA RC"]
[PlyCount "96"]
[EventDate "2022.06.24"]
[EventType "team-tourn"]
[EventCountry "POL"]
[SourceTitle "playchess.com"]
[Source "ChessBase"]
[SourceQuality "1"]
[TimeControl "40/5400+30:1800+30"]

1. c4 e6 2. Nc3 d5 3. cxd5 exd5 4. d4 Nf6 5. g3 Be7 6. Bg2 O-O 7. e3 c6 8. Nge2 Bf5 9. O-O Nbd7 10. b3 Re8 11. a4 a5 12. Ba3 Bxa3 13. Rxa3 h6 14. Qd2 Ne4 15. Nxe4 Bxe4 16. Raa1 Nf6 17. Rac1 Bxg2 18. Kxg2 Ne4 19. Qb2 Qe7 20. Nc3 f5 21. f3 Nxc3 22. Rxc3 Qg5 23. Qd2 Re6 24. h4 Qe7 25. Kf2 Re8 26. f4 g5 27. hxg5 hxg5 28. Rh1 gxf4 29. gxf4 Rg6 30. Rg1 Qh4+ 31. Kf1 Qh3+ 32. Ke2 Rxg1 33. Kd3 Qf1+ 34. Qe2 Qxe2+ 35. Kxe2 Kf7 36. Kf2 Reg8 37. b4 R1g2+ 38. Kf1 axb4 39. Rb3 Ra2 40. Rxb4 Ra8 41. Rxb7+ Ke6 42. Rc7 Ra6 43. Rb7 R6xa4 44. Rb3 Rc4 45. Rb1 Rc3 46. Re1 Rcc2 47. Kg1 Re2 48. Rc1 Kd6 0-1